TOP OF THE 1ST |
Billings Mustangs batting - Pitching for Williston Water Wolves : LHP Richard Whaley
|
Pitching: LHP Richard Whaley
|
|
Batting: RHB Howard Meier
|
0-0: Called Strike 0-1: Ball 1-1: Foul Ball, location: 2F 1-2: SINGLE (Groundball, 56S, EV 70.0 MPH) (infield hit)
|
Batting: RHB Daniel Jones
|
0-0: Ball 1-0: Ball 2-0: Swinging Strike 2-1: Foul Ball, location: 2F 2-2: Strikes out swinging
|
Batting: RHB Andy Lawrence
|
0-0: DOUBLE (Line Drive, 9LD, EV 106.3 MPH) Howard Meier to third
|
Batting: RHB Randy Day
|
0-0: Called Strike 0-1: Swinging Strike 0-2: Ground out U3 (Groundball, 34S, EV 90.0 MPH) Howard Meier scores Andy Lawrence to third
|
Batting: RHB Leonidas Nolasco
|
0-0: Ball Wild Pitch! Andy Lawrence scores 1-0: TRIPLE (Line Drive, 89XD, EV 105.0 MPH)
|
Batting: RHB Dave Rosenhahn
|
0-0: Foul Ball, location: 2F 0-1: Ball 1-1: Swinging Strike 1-2: Ball 2-2: Ball 3-2: Ground out 6-3 (Groundball, 6, EV 86.9 MPH)
|
Top of the 1st over - 2 runs, 3 hits, 0 errors, 1 left on base; Billings 2 - Williston 0 |
BOTTOM OF THE 1ST |
Williston Water Wolves batting - Pitching for Billings Mustangs : LHP Rick Felt
|
Pitching: LHP Rick Felt
|
|
Batting: RHB Gil Marquez
|
0-0: Swinging Strike 0-1: Swinging Strike 0-2: Foul Ball, location: 2F 0-2: Ball 1-2: Ball 2-2: Strikes out looking
|
Batting: RHB Alexis Rendon
|
0-0: Ball 1-0: Called Strike 1-1: Ball 2-1: Ball 3-1: Called Strike 3-2: Strikes out swinging
|
Batting: RHB Pat Jelks
|
0-0: Ball 1-0: Ball 2-0: Foul Ball, location: 2F 2-1: Ball 3-1: Called Strike 3-2: Foul Ball, location: 2F 3-2: Base on Balls
|
Batting: RHB Pat Borders
|
0-0: Foul Ball, location: 2F 0-1: Ball 1-1: Foul Ball, location: 2F 1-2: Ball 2-2: Fly out, F7 (Flyball, 78S, EV 78.1 MPH)
|
Bottom of the 1st over - 0 runs, 0 hits, 0 errors, 1 left on base; Billings 2 - Williston 0 |
TOP OF THE 2ND |
Billings Mustangs batting - Pitching for Williston Water Wolves : LHP Richard Whaley
|
Batting: RHB Gordon Eakin
|
0-0: Called Strike 0-1: Foul Ball, location: 2F 0-2: Ball 1-2: Ball 2-2: Foul Ball, location: 2F 2-2: Foul Ball, location: 2F 2-2: Ball 3-2: Base on Balls
|
Batting: RHB Howard Maynor
|
0-0: Ball 1-0: Grounds into double play, 4-6-3 (Groundball, 4MS, EV 83.1 MPH)
|
Batting: RHB Joel Chavous
|
0-0: Swinging Strike 0-1: Called Strike 0-2: Ball 1-2: Ball 2-2: Strikes out swinging
|
Top of the 2nd over - 0 runs, 0 hits, 0 errors, 0 left on base; Billings 2 - Williston 0 |
BOTTOM OF THE 2ND |
Williston Water Wolves batting - Pitching for Billings Mustangs : LHP Rick Felt
|
Batting: SHB Devon White
|
0-0: Foul Ball, location: 2F 0-1: Ball 1-1: Ball 2-1: Ball 3-1: Ground out 4-3 (Groundball, 4, EV 84.4 MPH)
|
Batting: LHB John Turner
|
0-0: Foul Ball, location: 2F 0-1: Ground out U3 (Groundball, 34S, EV 89.4 MPH)
|
Batting: RHB Eric Lane
|
0-0: Ball 1-0: Called Strike 1-1: Ball 2-1: Fly out, F8 (Line Drive, 8RD, EV 93.8 MPH)
|
Bottom of the 2nd over - 0 runs, 0 hits, 0 errors, 0 left on base; Billings 2 - Williston 0 |
TOP OF THE 3RD |
Billings Mustangs batting - Pitching for Williston Water Wolves : LHP Richard Whaley
|
Batting: RHB Howard Meier
|
0-0: Ball 1-0: Called Strike 1-1: Foul Ball, location: 2F 1-2: Fly out, F6 (Line Drive, 6, EV 68.8 MPH)
|
Batting: RHB Daniel Jones
|
0-0: Ball 1-0: Foul Ball, location: 2F 1-1: Ball 2-1: Foul Ball, location: 2F 2-2: Ball 3-2: Foul Ball, location: 2F 3-2: SINGLE (Groundball, 5, EV 95.0 MPH)
|
Batting: RHB Andy Lawrence
|
0-0: Called Strike 0-1: Called Strike 0-2: Ball 1-2: Foul Ball, location: 2F 1-2: Fly out, F9 (Flyball, 89S, EV 80.6 MPH)
|
Batting: RHB Randy Day
|
0-0: Ball 1-0: Reached on error, E6 (Groundball, 6S, EV 66.9 MPH) Daniel Jones to third
|
Batting: RHB Leonidas Nolasco
|
0-0: Ball 1-0: Foul Ball, location: 2F 1-1: Ball 2-1: Ball 3-1: Called Strike 3-2: Base on Balls
|
Batting: RHB Dave Rosenhahn
|
0-0: Called Strike 0-1: Swinging Strike 0-2: Ball 1-2: Foul Ball, location: 2F 1-2: Ball 2-2: Strikes out swinging
|
Top of the 3rd over - 0 runs, 1 hit, 1 error, 3 left on base; Billings 2 - Williston 0 |
BOTTOM OF THE 3RD |
Williston Water Wolves batting - Pitching for Billings Mustangs : LHP Rick Felt
|
Batting: LHB John Mitchell
|
0-0: Called Strike 0-1: Swinging Strike 0-2: Ball 1-2: Strikes out swinging
|
Batting: RHB Mark Kaeterle
|
0-0: Ball 1-0: Called Strike 1-1: Foul Ball, location: 2F 1-2: Strikes out looking
|
Batting: RHB Gil Marquez
|
0-0: Foul Ball, location: 2F 0-1: Ground out 5-3 (Groundball, 56, EV 81.3 MPH)
|
Bottom of the 3rd over - 0 runs, 0 hits, 0 errors, 0 left on base; Billings 2 - Williston 0 |
TOP OF THE 4TH |
Billings Mustangs batting - Pitching for Williston Water Wolves : LHP Richard Whaley
|
Batting: RHB Gordon Eakin
|
0-0: Ball 1-0: Ball 2-0: Foul Ball, location: 2F 2-1: Ball 3-1: Ground out 4-3 (Groundball, 4, EV 86.3 MPH)
|
Batting: RHB Howard Maynor
|
0-0: Ball 1-0: Ball 2-0: Ball 3-0: Called Strike 3-1: Base on Balls
|
Batting: RHB Joel Chavous
|
0-0: Called Strike 0-1: Swinging Strike 0-2: Strikes out swinging
|
Batting: RHB Howard Meier
|
0-0: Ball 1-0: Ball 2-0: Called Strike 2-1: Fly out, F9 (Flyball, 9, EV 84.4 MPH)
|
Top of the 4th over - 0 runs, 0 hits, 0 errors, 1 left on base; Billings 2 - Williston 0 |
BOTTOM OF THE 4TH |
Williston Water Wolves batting - Pitching for Billings Mustangs : LHP Rick Felt
|
Batting: RHB Alexis Rendon
|
0-0: Swinging Strike 0-1: Ball 1-1: Called Strike 1-2: Strikes out swinging
|
Batting: RHB Pat Jelks
|
0-0: Foul Ball, location: 2F 0-1: Ball 1-1: SOLO HOME RUN (Flyball, 7D, EV 96.3 MPH), Distance : 390 ft
|
Batting: RHB Pat Borders
|
0-0: Called Strike 0-1: Swinging Strike 0-2: Ball 1-2: Ball 2-2: Foul Ball, location: 2F 2-2: Ball 3-2: Strikes out looking
|
Batting: SHB Devon White
|
0-0: Called Strike 0-1: Swinging Strike 0-2: Ball 1-2: Foul Ball, location: 2F 1-2: Ball 2-2: Ball 3-2: Fly out, F9 (Line Drive, 9, EV 85.0 MPH)
|
Bottom of the 4th over - 1 run, 1 hit, 0 errors, 0 left on base; Billings 2 - Williston 1 |
TOP OF THE 5TH |
Billings Mustangs batting - Pitching for Williston Water Wolves : LHP Richard Whaley
|
Batting: RHB Daniel Jones
|
0-0: Called Strike 0-1: SINGLE (Flyball, 34D, EV 93.1 MPH)
|
Batting: RHB Andy Lawrence
|
0-0: Called Strike 0-1: Ball 1-1: Ball 2-1: Swinging Strike 2-2: Ball 3-2: Foul Ball, location: 2F 3-2: Fly out, F8 (Flyball, 8LS, EV 85.6 MPH)
|
Batting: RHB Randy Day
|
0-0: Fielders Choice at 2nd, 6-4 (Groundball, 6, EV 83.8 MPH)
|
Batting: RHB Leonidas Nolasco
|
0-0: Ball 1-0: Ball 2-0: Foul Ball, location: 2F 2-1: Ball 3-1: SINGLE (Groundball, 34D, EV 105.0 MPH) Randy Day to second Runner from 2nd tries for 3rd, SAFE, throw by RF made to third
|
Batting: RHB Dave Rosenhahn
|
0-0: Ball 1-0: Called Strike 1-1: Swinging Strike 1-2: Foul Ball, location: 2F 1-2: Ball 2-2: Ball Pickoff Throw by Catcher to First - Out!
|
Top of the 5th over - 0 runs, 2 hits, 0 errors, 1 left on base; Billings 2 - Williston 1 |
BOTTOM OF THE 5TH |
Williston Water Wolves batting - Pitching for Billings Mustangs : LHP Rick Felt
|
Batting: LHB John Turner
|
0-0: Reached on error, E5 (Groundball, 56S, EV 83.8 MPH)
|
Batting: RHB Eric Lane
|
0-0: Ball 1-0: Ball 2-0: Fly out, F5 (Popup, 56, EV 83.1 MPH)
|
Batting: LHB John Mitchell
|
0-0: Ball 1-0: Called Strike 1-1: Ball 2-1: Foul Ball, location: 2F 2-2: Fly out, F8 (Flyball, 78S, EV 87.5 MPH)
|
Batting: RHB Mark Kaeterle
|
0-0: Ball 1-0: SINGLE (Groundball, 56D, EV 113.8 MPH) John Turner to third Runner from 3rd tries for Home, SAFE, throw by LF to home
|
Batting: RHB Gil Marquez
|
0-0: Ball 1-0: Ball 2-0: Ball 3-0: Base on Balls Mark Kaeterle to second
|
Batting: RHB Alexis Rendon
|
0-0: Foul Ball, location: 2F 0-1: Ball 1-1: Ground out 4-3 (Groundball, 4S, EV 90.0 MPH)
|
Bottom of the 5th over - 1 run, 1 hit, 1 error, 2 left on base; Billings 2 - Williston 2 |
TOP OF THE 6TH |
Billings Mustangs batting - Pitching for Williston Water Wolves : LHP Richard Whaley
|
Batting: RHB Dave Rosenhahn
|
0-0: Ball 1-0: Called Strike 1-1: Foul Ball, location: 2F 1-2: Strikes out swinging
|
Batting: RHB Gordon Eakin
|
0-0: Called Strike 0-1: Fly out, F8 (Flyball, 8LD, EV 102.5 MPH)
|
Batting: RHB Howard Maynor
|
0-0: Called Strike 0-1: SINGLE (Line Drive, 8RS, EV 97.5 MPH)
|
Batting: RHB Joel Chavous
|
0-0: Ball 1-0: Ball 2-0: Fielders Choice at 2nd, U6 (Groundball, 6M, EV 88.1 MPH)
|
Top of the 6th over - 0 runs, 1 hit, 0 errors, 1 left on base; Billings 2 - Williston 2 |
BOTTOM OF THE 6TH |
Williston Water Wolves batting - Pitching for Billings Mustangs : LHP Rick Felt
|
Batting: RHB Pat Jelks
|
0-0: Ball 1-0: Ground out 6-3 (Groundball, 6M, EV 101.9 MPH)
|
Batting: RHB Pat Borders
|
0-0: SINGLE (Line Drive, 78S, EV 106.3 MPH)
|
Batting: SHB Devon White
|
0-0: Ball 1-0: Ball 2-0: Called Strike 2-1: Foul Ball, location: 2F 2-2: Grounds into double play, 4-6-3 (Groundball, 4, EV 100.0 MPH)
|
Bottom of the 6th over - 0 runs, 1 hit, 0 errors, 0 left on base; Billings 2 - Williston 2 |
TOP OF THE 7TH |
Billings Mustangs batting - Pitching for Williston Water Wolves : LHP Richard Whaley
|
Batting: RHB Howard Meier
|
0-0: Ball 1-0: Foul Ball, location: 2F 1-1: Ball 2-1: Ball 3-1: Base on Balls
|
Batting: RHB Daniel Jones
|
0-0: Called Strike 0-1: Fly out, F8 (Flyball, 8RM, EV 91.9 MPH)
|
Batting: RHB Andy Lawrence
|
0-0: Ball 1-0: Called Strike 1-1: Called Strike 1-2: Ground out 1-3 (Groundball, 13S, EV 68.8 MPH) Howard Meier to second
|
Batting: RHB Randy Day
|
0-0: Foul Ball, location: 2F 0-1: Ball 1-1: Ball 2-1: Ball 3-1: Base on Balls
|
Pitching: RHP Marlon Hubbard
|
|
Batting: RHB Leonidas Nolasco
|
0-0: Swinging Strike 0-1: SINGLE (Groundball, 34D, EV 101.9 MPH) Howard Meier to third Randy Day to second Runner from 3rd tries for Home, SAFE, throw by RF to home Randy Day to third Leonidas Nolasco to second
|
Batting: RHB Dave Rosenhahn
|
0-0: Ball 1-0: Ground out 5-3 (Groundball, 56S, EV 80.0 MPH)
|
Top of the 7th over - 1 run, 1 hit, 0 errors, 2 left on base; Billings 3 - Williston 2 |
BOTTOM OF THE 7TH |
Williston Water Wolves batting - Pitching for Billings Mustangs : LHP Rick Felt
|
Batting: LHB John Turner
|
0-0: Foul Ball, location: 2F 0-1: DOUBLE (Line Drive, 5D, EV 97.5 MPH)
|
Batting: RHB Eric Lane
|
0-0: Foul Ball, location: 2F 0-1: Ball 1-1: Called Strike 1-2: Foul Ball, location: 2F 1-2: Foul Ball, location: 2F 1-2: Ball 2-2: Strikes out looking
|
Pinch Hitting: RHB Nelson Santovenia
|
0-0: Ball 1-0: Ball 2-0: Ball 3-0: Base on Balls
|
Pinch Hitting: LHB Mike Fennell
|
0-0: Called Strike 0-1: Called Strike 0-2: Ball Wild Pitch! John Turner to third Nelson Santovenia to second 1-2: Strikes out looking
|
Batting: RHB Gil Marquez
|
0-0: Foul Ball, location: 2F 0-1: Called Strike 0-2: Ball 1-2: Ball 2-2: Ball 3-2: Base on Balls
|
Batting: RHB Alexis Rendon
|
0-0: Ball 1-0: Ball 2-0: Called Strike 2-1: Foul Ball, location: 2F 2-2: Reached on error, E6 (Groundball, 6, EV 98.1 MPH) John Turner scores Nelson Santovenia to third Gil Marquez to second
|
Batting: RHB Pat Jelks
|
0-0: Ball 1-0: Fly out, F9 (Flyball, 9LS, EV 90.6 MPH)
|
Bottom of the 7th over - 1 run, 1 hit, 1 error, 3 left on base; Billings 3 - Williston 3 |
TOP OF THE 8TH |
Billings Mustangs batting - Pitching for Williston Water Wolves : RHP Marlon Hubbard
|
Now at SS: Jose Lind
|
|
Now in CF: Charles Bertucio
|
|
Batting: RHB Gordon Eakin
|
0-0: Ball 1-0: Ground out 4-3 (Groundball, 4, EV 88.8 MPH)
|
Batting: RHB Howard Maynor
|
0-0: Swinging Strike 0-1: Ground out 4-3 (Groundball, 13, EV 82.5 MPH)
|
Batting: RHB Joel Chavous
|
0-0: Called Strike 0-1: Called Strike 0-2: Ball 1-2: Strikes out swinging
|
Top of the 8th over - 0 runs, 0 hits, 0 errors, 0 left on base; Billings 3 - Williston 3 |
BOTTOM OF THE 8TH |
Williston Water Wolves batting - Pitching for Billings Mustangs : LHP Rick Felt
|
Batting: RHB Pat Borders
|
0-0: Ball 1-0: Fly out, F9 (Flyball, 9LS, EV 96.3 MPH)
|
Batting: SHB Devon White
|
0-0: Swinging Strike 0-1: Swinging Strike 0-2: Strikes out swinging
|
Batting: LHB John Turner
|
0-0: Called Strike 0-1: Ball 1-1: Foul Ball, location: 2F 1-2: Ball 2-2: Ball 3-2: SINGLE (Groundball, 4MD, EV 95.0 MPH)
|
Batting: RHB Eric Lane
|
0-0: Ball 1-0: Called Strike 1-1: Ball 2-1: Swinging Strike 2-2: Fly out, F8 (Flyball, 78S, EV 77.5 MPH)
|
Bottom of the 8th over - 0 runs, 1 hit, 0 errors, 1 left on base; Billings 3 - Williston 3 |
TOP OF THE 9TH |
Billings Mustangs batting - Pitching for Williston Water Wolves : RHP Marlon Hubbard
|
Pitching: RHP Jeff Montgomery
|
|
Batting: RHB Howard Meier
|
0-0: DOUBLE (Line Drive, 7LS, EV 106.9 MPH)
|
Batting: RHB Daniel Jones
|
0-0: Called Strike 0-1: Foul Ball, location: 2F 0-2: Ball 1-2: Ball 2-2: Foul Ball, location: 2F 2-2: Ball 3-2: Ground out 6-3 (Groundball, 6, EV 93.1 MPH) Howard Meier to third
|
Batting: RHB Andy Lawrence
|
0-0: Called Strike 0-1: Called Strike 0-2: Ball 1-2: Strikes out swinging
|
Batting: RHB Randy Day
|
0-0: 2-RUN HOME RUN (Flyball, 7D, EV 94.4 MPH), Distance : 386 ft
|
Batting: RHB Leonidas Nolasco
|
0-0: Ball 1-0: Ground out 5-3 (Groundball, 56S, EV 67.5 MPH)
|
Top of the 9th over - 2 runs, 2 hits, 0 errors, 0 left on base; Billings 5 - Williston 3 |
BOTTOM OF THE 9TH |
Williston Water Wolves batting - Pitching for Billings Mustangs : LHP Rick Felt
|
Batting: SHB Charles Bertucio
|
0-0: Ball 1-0: Ball 2-0: Called Strike 2-1: SINGLE (Groundball, 6MD, EV 107.5 MPH)
|
Pinch Hitting: RHB Jim Vest
|
0-0: Called Strike 0-1: Fly out, F9 (Line Drive, 9, EV 86.9 MPH)
|
Pitching: LHP Richard Naumann
|
|
Batting: RHB Gil Marquez
|
0-0: SINGLE (Groundball, 34D, EV 111.3 MPH) Charles Bertucio to second
|
Batting: RHB Alexis Rendon
|
0-0: DOUBLE (Line Drive, 9LM, EV 98.8 MPH) Charles Bertucio scores Gil Marquez to third Runner from 3rd tries for Home, SAFE, throw by RF to trailing runner, SAFE at third!
|
Batting: RHB Pat Jelks
|
0-0: Intentional Walk
|
Batting: RHB Pat Borders
|
0-0: Ball 1-0: Ball 2-0: Called Strike 2-1: Ball 3-1: Base on Balls Pat Jelks to second
|
Pinch Hitting: RHB Richard Stuart
|
0-0: SINGLE (Line Drive, 6MD, EV 96.9 MPH) Alexis Rendon scores
|
Bottom of the 9th over - 3 runs, 4 hits, 0 errors, 0 left on base; Billings 5 - Williston 6 |
|